 Seeded DCSS version 0.30.0-29-ga12c61a403 (webtiles) character file.

Game seed: 18007716519941398942 (custom seed)

13 Dadbod the Digger (level 2, 19/19 HPs)
             Began as a Formicid Earth Elementalist on June 5, 2023.
             Quit the game on level 1 of the Dungeon.
             The game lasted 00:02:30 (210 turns).

Dadbod the Digger (Formicid Earth Elementalist)      Turns: 210, Time: 00:02:31

Health: 19/19      AC:  5    Str: 16    XL:     2   Next: 50%
Magic:  4/5        EV: 12    Int: 14    God:
Gold:   1612       SH:  0    Dex: 14    Spells: 4/5 levels left

rFire   . . .        (no weapon)
rCold   . . .        (no shield)
rNeg    + . .        a - +0 robe
rPois   .            (helmet unavailable)
rElec   .            (no cloak)
rCorr   .            g - +2 pair of gloves "Leklaiz" {rN+ Will+ Str+4}
SInv    +            (no boots)
Will    +....        d - amulet of the acrobat
Stlth   ++           (no ring)
HPRegen 0.23/turn    (no ring)
MPRegen 0.09/turn

%: acrobat
@: no status effects
A: permanent stasis, dig shafts and tunnels, antennae 3, four strong arms
a: Dig, Shaft Self


You were on level 1 of the Dungeon.
You visited 1 branch of the dungeon, and saw 1 of its levels.

You collected 1612 gold pieces.

Inventory:

Armour
 a - a +0 robe (worn)
 g - the +2 pair of gloves "Leklaiz" (worn) {rN+ Will+ Str+4}
   (You acquired it on level 1 of the Dungeon)

   Str:       It affects your strength (+4).
   rN:        It protects you from negative energy.
   Will:      It increases your willpower.
Jewellery
 c - an amulet of faith
 d - an amulet of the acrobat (around neck)
Scrolls
 f - a scroll of fog {unknown}
Potions
 b - a potion of magic
 e - 2 potions of heal wounds {unknown}


   Skills:
 + Level 1.8 Dodging
 + Level 2.7 Stealth
 + Level 0.1 Unarmed Combat
 + Level 2.3 Spellcasting
 + Level 1.1 Transmutations
 + Level 4.1 Earth Magic


You had 4 spell levels left.
You knew the following spells:

 Your Spells              Type           Power      Damage    Failure   Level
a - Sandblast             Erth           26%        2d8       4%          1

Your spell library contained the following spells:

 Spells                   Type           Power      Damage    Failure   Level
 Passwall                 Tmut/Erth      7%         N/A       12%         2
 Stone Arrow              Conj/Erth      14%        3d7       28%         3
 Petrify                  Tmut/Erth      9%         N/A       61%         4


Dungeon Overview and Level Annotations

Branches:
Dungeon (1/15)

Altars:


Innate Abilities, Weirdness & Mutations

You cannot be hasted, slowed, berserked, paralysed or teleported.
You can dig through walls and to a lower floor.
You have a pair of large antennae on your head. (SInv)
Your four strong arms can wield two-handed weapons with a shield.


Message History

f - a scroll labelled UNKIPPOYZU A frilled lizard comes into view.
Casting: Sandblast (safe; 4% risk of failure)
Confirm with . or Enter, or press ? or * to list all spells.
Aiming: Sandblast (safe; 4% risk of failure)
Press: ? - help, Shift-Dir - straight line, f - frilled lizard
Aim: a frilled lizard (wandering, hasn't noticed you, 70% to hit)
The blast of sand hits the goblin.
You kill the goblin!
The frilled lizard hisses angrily.
Casting: Sandblast (safe; 4% risk of failure)
Confirm with . or Enter, or press ? or * to list all spells.
Aiming: Sandblast (safe; 4% risk of failure)
Press: ? - help, Shift-Dir - straight line, f - endoplasm
Aim: an endoplasm (98% to hit)
The blast of sand hits the endoplasm.
You kill the endoplasm!
Casting: Sandblast (safe; 4% risk of failure)
Confirm with . or Enter, or press ? or * to list all spells.
Aiming: Sandblast (safe; 4% risk of failure)
Press: ? - help, Shift-Dir - straight line, f - frilled lizard
Aim: a frilled lizard (70% to hit)
The blast of sand hits the frilled lizard.
You kill the frilled lizard!
Things that are here:
a +0 dagger; a frilled lizard corpse
Found 3 scrolls labelled DICAOL JAOKK.
g - 3 scrolls labelled DICAOL JAOKK This is a scroll of acquirement!
Something appears at your feet!
You now have 832 gold pieces (gained 823).
Something appears at your feet!
You now have 1612 gold pieces (gained 780).
Something appears at your feet!
g - the +2 pair of gloves "Leklaiz" {rN+ Will+ Str+4} You start putting on your armour.
You continue putting on the +2 pair of gloves "Leklaiz" {rN+ Will+ Str+4}. x4
You finish putting on the +2 pair of gloves "Leklaiz" {rN+ Will+ Str+4}.
You feel stronger.
Are you sure you want to abandon this character and quit the game? (Confirm with "yes".)

.............(
..##.#.######
.###.#.# .#
#.#.##############
.#
#.#..............#
.#
#.#############.##
.# #.# #.. ..#.#
## #.# #.# #.#.# #
... #.# #@#.# #.#
#.#.# ##.###.#)#
#...)..#.#
#..###.#.# { #..#
#.#.# #..# ###.#
#..# #.# #..# #.#


There were no monsters in sight!

Vanquished Creatures
  2 endoplasms (D:1)
  A goblin (D:1)
  A hobgoblin (D:1)
  4 jackals (D:1)
  A kobold (D:1)
  A frilled lizard (D:1)
10 creatures vanquished.

Notes
Turn   | Place    | Note
-------+----------+-------------------------------------------
     0 | D:1      | Dadbod the Formicid Earth Elementalist began the quest for
                  | the Orb.
     0 | D:1      | Reached XP level 1. HP: 13/13 MP: 3/3
    39 | D:1      | Reached skill level 4 in Earth Magic
    43 | D:1      | Reached XP level 2. HP: 8/19 MP: 0/5
   199 | D:1      | Identified 3 scrolls of acquirement
   199 | D:1      | Acquired 823 gold pieces
   201 | D:1      | Acquired 780 gold pieces
   203 | D:1      | Acquired the +2 pair of gloves "Leklaiz" {rN+ Will+ Str+4}
   210 | D:1      | Quit the game

Illustrated notes

Levels and vault maps discovered:
D:1:      psy_arrival_dodecagon, layout_basic,
          dreamdust_ecumenical_altar_sealed_demon

Skill      XL: |  1 |
---------------+----+-----
Earth Magic    | 4 |  4.1
Dodging        | |  1.8
Stealth        | |  2.7
Unarmed Combat | |  0.1
Spellcasting   | |  2.3
Transmutations | |  1.1

Action                     || total
---------------------------++-------
  Melee: Unarmed           ||    21
   Cast: Sandblast         ||     9
    Use: Scroll            ||     3
 Armour: Robe              ||     3
  Dodge: Dodged            ||    25
